 Dungeon Crawl Stone Soup version 0.22-a0-609-gfedc9ff (webtiles) character file.

11907 Amnesiac the Destroyer (level 11, 0/67 HPs)
             Began as a Deep Elf Wizard on July 10, 2018.
             Was an Elder of Sif Muna.
             Killed from afar by a gargoyle (7 damage)
             ... with a stone arrow
             ... on level 10 of the Dungeon on July 11, 2018.
             The game lasted 00:27:33 (13070 turns).

Amnesiac the Destroyer (Deep Elf Wizard)           Turns: 13070, Time: 00:27:34

Health: 0/67       AC:  6    Str:  4    XL:     11   Next: 55%
Magic:  25/28      EV: 17    Int: 27    God:    Sif Muna [****..]
Gold:   221        SH:  5    Dex: 13    Spells: 18/32 levels left

rFire    + . .     SeeInvis .   a - +2 demon blade (venom)
rCold    + + .     Gourm    .   j - +0 buckler
rNeg     . . .     Faith    .   H - +0 robe
rPois    .         Spirit   .   c - +2 helmet
rElec    .         Reflect  .   B - scarf {rC+ rF+}
rCorr    .         Harm     .   D - +0 pair of gloves
MR       +....                  (no boots)
Stlth    ++........             (no amulet)
HPRegen  0.21/turn              F - ring of protection from cold
MPRegen  0.21/turn              (no ring)

@: divine energy
A: no striking features
a: Stop Divine Energy, Channel Magic, Forget Spell, Renounce Religion


You were on level 10 of the Dungeon.
You worshipped Sif Muna.
Sif Muna was greatly pleased with you.
You were not hungry.

You visited 2 branches of the dungeon, and saw 12 of its levels.
You also visited: Ossuary.

You collected 637 gold pieces.
You spent 416 gold pieces at shops.

Inventory:

Hand Weapons
 a - a +2 demon blade of venom (weapon)
 l - a +0 dagger of venom
Armour
 c - a +2 helmet (worn)
 j - a +0 buckler (worn)
 B - a scarf of resistance (worn)
 D - a +0 pair of gloves (worn)
 H - a +0 robe (worn)
Magical Staves
 b - an uncursed staff of air
Jewellery
 F - a ring of protection from cold (left hand)
Wands
 p - a wand of paralysis (12)
 y - a wand of random effects (20)
Scrolls
 h - 2 scrolls of amnesia {!r}
 k - 3 scrolls of fear {!r}
 o - 2 scrolls of teleportation {!r}
 s - 2 scrolls of blinking {!r}
 t - a scroll of enchant weapon {!r}
 u - a scroll of magic mapping {!r}
 v - a scroll of vulnerability {!r}
 w - 3 scrolls of enchant armour {!r}
 K - 5 scrolls of remove curse {!r}
Potions
 g - 3 potions of brilliance {!q}
 i - 4 potions of agility {!q}
 n - 2 potions of might {!q}
 r - 3 potions of berserk rage {!q}
 z - 2 potions of resistance {!q}
 A - 2 potions of curing {!q}
 C - a potion of magic {!q}
 J - a potion of mutation {!q}
Miscellaneous
 G - a box of beasts
Comestibles
 d - 8 rations


   Skills:
 - Level 7.5 Fighting
 - Level 8.1 Dodging
 - Level 2.4 Stealth
 - Level 4.0 Shields
 + Level 11.0 Spellcasting
 * Level 12.5 Conjurations
 - Level 1.1 Summonings
 - Level 1.1 Translocations


You had 18 spell levels left.
You knew the following spells:

 Your Spells              Type           Power        Failure   Level  Hunger
b - Call Imp              Summ           ###.....     3%          2    None
c - Summon Lightning Spi  Summ/Air       ###.....     30%         4    None
e - Mephitic Cloud        Conj/Pois/Air  #####...     1%          3    None
s - Conjure Flame         Conj/Fire      #####...     1%          3    None
v - Blink                 Tloc           N/A          3%          2    None

Your spell library contained the following spells:

 Spells                   Type           Power        Failure   Level  Hunger
 Magic Dart               Conj           ####         1%          1    None
 Slow                     Hex            ##......     6%          2    None
 Summon Small Mammal      Summ           ###.         2%          1    None
 Summon Ice Beast         Ice/Summ       ###.....     30%         4    None
 Call Canine Familiar     Summ           ###.....     8%          3    None
 Summon Guardian Golem    Hex/Summ       ###.....     10%         3    None


Dungeon Overview and Level Annotations

Branches:
Dungeon (11/15)            Temple (1/1) D:5            Lair (0/6) D:11
    Orc: D:9-12

Altars:
Ashenzari
Cheibriados
Dithmenos
Elyvilon
Fedhas
Gozag
Hepliaklqana
Kikubaaqudgha
Makhleb
Nemelex Xobeh
Okawaru
Qazlal
Ru
Sif Muna
Trog
Uskayaw
Vehumet
Wu Jian
Xom
Yredelemnul
Zin
The Shining One

Shops:
D:4 *   D:7 [


Message History

Aim: a centaur warrior skeleton (lightly damaged)
Okay, then.
The centaur warrior skeleton hits you.
* * * LOW HITPOINT WARNING * * *
There is a stone staircase leading up here.
The centaur warrior skeleton closely misses you.
You climb upwards.
There is a stone staircase leading down here.
You start resting.
Eating a chunk of flesh.
You eat the chunk of flesh.
This raw flesh tastes terrible.
Magic restored.
You start resting.
You start resting.
HP restored.
You start resting.
HP restored.
You climb downwards.
The phantom hits you!
The phantom blinks!
There is a stone staircase leading up here.
Casting: Conjure Flame (safe; 1% risk of failure)
Confirm with . or Enter, or press ? or * to list all spells.
Aiming: Conjure Flame (safe; 1% risk of failure)
Press: ? - help, Dir - move target cursor, f - phantom
Aim: a phantom
Okay, then.
Casting: Conjure Flame (safe; 1% risk of failure)
Confirm with . or Enter, or press ? or * to list all spells.
Aiming: Conjure Flame (safe; 1% risk of failure)
Press: ? - help, Dir - move target cursor The fire ignites!
The phantom blinks!
The centaur warrior skeleton is engulfed in blazing flames.
The centaur warrior skeleton misses you.
You hit the centaur warrior skeleton.
The centaur warrior skeleton is moderately damaged.
The phantom hits you but does no damage.
The centaur warrior skeleton is engulfed in blazing flames.
The centaur warrior skeleton misses you.
You riposte.
You hit the centaur warrior skeleton.
The centaur warrior skeleton is heavily damaged.
The phantom hits you but does no damage.
You slash the centaur warrior skeleton!
The centaur warrior skeleton is heavily damaged.
The centaur warrior skeleton is engulfed in blazing flames.
The centaur warrior skeleton closely misses you.
The phantom hits you.
The centaur warrior skeleton is engulfed in blazing flames.
The centaur warrior skeleton hits you but does no damage.
The gargoyle hurls a stone arrow at you.
The stone arrow hits you!
You slash the centaur warrior skeleton!
You destroy the centaur warrior skeleton!
Sif Muna accepts your kill.
Your Spellcasting skill increases to level 11!
The phantom misses you.
You riposte.
You closely miss the phantom.
The gargoyle hurls a stone arrow at you.
The stone arrow hits you!
* * * LOW HITPOINT WARNING * * *
Evoke which item? (* to show all) (? for menu, Esc to quit)
Okay, then.
The gargoyle hurls a stone arrow at you.
The stone arrow hits you!
* * * LOW HITPOINT WARNING * * *
The gargoyle hurls a stone arrow at you.
The stone arrow hits you!
You die...

##### #.@.# #.W.####
####......#########
#...ยง...9......)..#
#..................####
#...........#.####.....
#...#...#.#.#.####....#
#...#...#.#....W.......
#...#...#.###.#######.#


You could see a phantom and a gargoyle.

Vanquished Creatures
  3 two-headed ogres
  Pikel (D:5)
  A flayed ghost (D:8)
  A cyclops (D:11)
  A centaur skeleton (D:10)
  3 meliai (D:10)
  2 hippogriffs
  7 slime creatures
  Sigmund (D:2)
  A shadow (D:8)
  4 wraiths (D:8)
  A hungry ghost (D:9)
  A basilisk (D:9)
  11 fire bats (D:8)
  Menkaure (Ossuary)
  3 water moccasins
  Duvessa (D:7)
  2 orc warriors
  An ice beast (D:5)
  A black bear (D:8)
  A sky beast (D:8)
  2 ogres
  3 centaurs
  A crocodile (D:10)
  2 big kobolds
  4 bullfrogs
  A scorpion (D:4)
  Dowan (D:7)
  2 howler monkeys
  5 crimson imps
  A centaur zombie (D:6)
  A bullfrog zombie (D:6)
  2 hounds
  2 jellies
  5 orc priests
  A bullfrog skeleton (D:9)
  8 orc wizards
  3 iguanas
  5 worker ants
  3 mummies (Ossuary)
  A howler monkey zombie (D:8)
  15 adders
  6 gnolls
  2 shadow imps
  A worm zombie (D:5)
  2 adder skeletons
  An adder zombie (D:6)
  A worm (D:4)
  2 dart slugs (D:1)
  7 leopard geckos
  28 orcs
  3 giant cockroaches (D:1)
  4 gnoll zombies
  2 goblins
  A hobgoblin (D:2)
  13 jackals
  12 kobolds
  A quokka (D:6)
  A ball python (D:1)
  40 bats
  6 frilled lizards
  A gnoll skeleton (Ossuary)
  A goblin skeleton (Ossuary)
  A goblin zombie (Ossuary)
  2 kobold skeletons (Ossuary)
  3 kobold zombies (Ossuary)
  2 orc skeletons (Ossuary)
  A quokka skeleton (D:8)
  3 rats
  A rat skeleton (Ossuary)
  3 rat zombies (Ossuary)
267 creatures vanquished.

Vanquished Creatures (collateral kills)
  Ijyb (D:4)
  A worm (D:2)
2 creatures vanquished.

Vanquished Creatures (others)
  An ogre (D:5)
  A worker ant (D:5)
  A shadow imp (D:5)
  A worm (D:5)
  A leopard gecko (D:5)
  2 gnoll skeletons (Ossuary)
  3 goblin skeletons (Ossuary)
  2 goblin zombies (Ossuary)
  3 hobgoblin skeletons (Ossuary)
  4 hobgoblin zombies (Ossuary)
  2 kobold skeletons (Ossuary)
  2 kobold zombies (Ossuary)
  4 orc skeletons (Ossuary)
  An orc zombie (Ossuary)
  4 rat skeletons (Ossuary)
  7 rat zombies (Ossuary)
39 creatures vanquished.

Grand Total: 308 creatures vanquished

Notes
Turn   | Place    | Note
-------+----------+-------------------------------------------
     0 | D:1      | Amnesiac the Deep Elf Wizard began the quest for the Orb.
     0 | D:1      | Reached XP level 1. HP: 10/10 MP: 7/7
   192 | D:1      | Reached skill level 1 in Fighting
   192 | D:1      | Reached XP level 2. HP: 16/16 MP: 5/9
   205 | D:1      | Learned a level 2 spell: Blink
   208 | D:1      | Learned a level 2 spell: Call Imp
   670 | D:2      | Reached skill level 2 in Conjurations
   687 | D:2      | Reached XP level 3. HP: 11/21 MP: 0/11
   692 | D:2      | Learned a level 3 spell: Conjure Flame
   696 | D:2      | Learned a level 3 spell: Mephitic Cloud
  1312 | D:2      | Noticed Sigmund
  1984 | D:4      | Reached XP level 4. HP: 27/27 MP: 9/12
  2137 | D:4      | Found Mutza's General Store.
  2184 | D:4      | Reached skill level 1 in Shields
  2184 | D:4      | Reached skill level 3 in Conjurations
  2280 | D:4      | Reached XP level 5. HP: 31/31 MP: 9/13
  2300 | D:4      | Noticed Ijyb
  2316 | D:4      | Killed Ijyb
  2479 | D:4      | Found a basalt altar of Yredelemnul.
  3167 | D:2      | Killed Sigmund
  3167 | D:2      | Reached skill level 4 in Conjurations
  3167 | D:2      | Reached XP level 6. HP: 36/36 MP: 0/14
  3765 | D:4      | Reached XP level 7. HP: 40/40 MP: 4/15
  3999 | D:5      | Entered Level 5 of the Dungeon
  4001 | D:5      | Found a sand-covered staircase.
  4007 | Ossuary  | Entered an ossuary
  4694 | Ossuary  | Noticed Menkaure
  5067 | Ossuary  | Killed Menkaure
  5139 | D:5      | Noticed Pikel
  5215 | D:5      | Killed Pikel
  5215 | D:5      | Reached skill level 5 in Fighting
  5215 | D:5      | Reached skill level 5 in Dodging
  5215 | D:5      | Reached XP level 8. HP: 30/49 MP: 0/16
  5556 | D:5      | You fall through a shaft for 3 floors!
  5929 | D:8      | Noticed a hippogriff
  5943 | D:8      | Killed a hippogriff
  5943 | D:8      | Reached XP level 9. HP: 41/56 MP: 10/17
  6112 | D:8      | Noticed a two-headed ogre
  7056 | D:5      | Found a staircase to the Ecumenical Temple.
  7189 | Temple   | Entered the Ecumenical Temple
  7268 | Temple   | Became a worshipper of Sif Muna the Loreminder
  7656 | D:7      | Noticed Dowan
  7658 | D:7      | Noticed Duvessa
  7683 | D:7      | Learned a level 4 spell: Summon Lightning Spire
  7686 | D:7      | Killed Dowan
  7686 | D:7      | Reached skill level 5 in Conjurations
  7978 | D:7      | Reached skill level 5 in Spellcasting
  8087 | D:7      | Found an opulent altar of Gozag.
  8186 | D:7      | Killed Duvessa
  8277 | D:7      | Found Uciesab's Armour Shoppe.
  8453 | D:7      | Bought a scarf of resistance for 416 gold pieces
  8529 | D:8      | Reached skill level 6 in Conjurations
  8645 | D:8      | Killed a two-headed ogre
  8645 | D:8      | Reached * piety under Sif Muna
  8645 | D:8      | Reached skill level 7 in Conjurations
  8764 | D:8      | Reached XP level 10. HP: 36/63 MP: 4/21
  8977 | D:8      | Reached skill level 8 in Conjurations
  9135 | D:8      | Reached ** piety under Sif Muna
  9320 | D:8      | Found a deep blue altar of Sif Muna.
  9329 | D:8      | Found a runed door.
  9600 | D:8      | Reached skill level 9 in Conjurations
  9826 | D:8      | Found a shimmering altar of Xom.
  9838 | D:8      | Found an opulent altar of Gozag.
  9850 | D:8      | Found a basalt altar of Yredelemnul.
  9887 | D:8      | Found a stormy altar of Qazlal.
 10323 | D:8      | Found a blossoming altar of Fedhas.
 10647 | D:8      | Noticed a flayed ghost
 10662 | D:8      | Killed a flayed ghost
 10662 | D:8      | Reached *** piety under Sif Muna
 10662 | D:8      | Reached skill level 10 in Conjurations
 10952 | D:9      | Noticed a two-headed ogre
 10959 | D:9      | Killed a two-headed ogre
 10959 | D:9      | Reached XP level 11. HP: 67/67 MP: 15/26
 11092 | D:9      | Reached skill level 11 in Conjurations
 11488 | D:10     | Entered Level 10 of the Dungeon
 11690 | D:10     | Reached **** piety under Sif Muna
 11761 | D:11     | Reached skill level 10 in Spellcasting
 12179 | D:11     | Noticed a two-headed ogre
 12191 | D:11     | Killed a two-headed ogre
 12191 | D:11     | Reached skill level 12 in Conjurations
 13070 | D:10     | Killed from afar by a gargoyle

Vault maps used:
D:1:      lightli_arrival_lavapool
D:2:      first_ration, uniq_sigmund
D:4:      lemuel_zombie_altar_yredelemnul, serial_shops, shop,
          serial_bayou_crossing, uniq_ijyb
D:5:      minmay_temple_entry_glassed_door, enter_ossuary_3, uniq_pikel
D:6:      hangedman_decor_points
D:7:      serial_shops, shop, kennysheep_another_room,
          nicolae_gozag_seed_capital, uniq_duvessa, uniq_menkaure
D:8:      due_megacathedral
D:11:     david_lair_generic, uniq_josephine, uniq_urug, uniq_maurice,
          uniq_erica
Temple:   grunt_wide_crystal_templ
Ossuary:  ossuary_due_pyramid

Skill      XL: |  1  2  3  4  5  6  7  8  9 10 11 |
---------------+----------------------------------+-----
Fighting       | 1 2 5 6 7 |  7.5
Conjurations   | 2 3 4 7 10 12 | 12.5
Shields        | 1 3 4 |  4.0
Dodging        | 5 6 8 |  8.1
Spellcasting   | 6 9 11 | 11.0
Stealth        | |  2.4
Summonings     | |  1.1
Translocations | |  1.1

Action                   |  1- 3 |  4- 6 |  7- 9 | 10-12 || total
-------------------------+-------+-------+-------+-------++-------
Melee: Unarmed           |     7 |     2 |     4 |       ||    13
       Trident           |       |       |    28 |       ||    28
       Dagger            |       |       |    24 |    18 ||    42
       Demon blade       |       |       |       |    75 ||    75
 Cast: Magic Dart        |    87 |    84 |   346 |   386 ||   903
       Call Imp          |     2 |     8 |     1 |     4 ||    15
       Mephitic Cloud    |       |    11 |    10 |     6 ||    27
       Conjure Flame     |       |     3 |    13 |    38 ||    54
       Blink             |       |       |     2 |     4 ||     6
Invok: Divine Energy     |       |       |     1 |       ||     1
Evoke: Wand              |       |       |     3 |       ||     3
  Use: Scroll            |       |       |     2 |    20 ||    22
       Potion            |       |       |       |     2 ||     2
 Stab: Confused          |       |       |     3 |     3 ||     6
  Eat: Ration            |     1 |       |     3 |       ||     4
       Chunk             |       |     6 |     5 |    15 ||    26
Armor: Robe              |     1 |       |    21 |    49 ||    71
Dodge: Dodged            |    17 |    13 |    91 |   217 ||   338
Block: Buckler           |       |       |    30 |    61 ||    91
       Rpst.: Demon blade |       |       |       |    27 ||    27

Table legend:
 A = Spawn XP
 B = Non-spawn XP
 C = Spawn XP percentage of total XP
 D = Spawn monster count
 E = Non-spawn monster count
 F = Spawn count percentage of total count
 G = Total turns spent on level
                    A         B        C        D         E        F      G
               +---------+---------+-------+---------+---------+-------+---------
         Total |       0 |   17011 |   0.0 |       0 |     269 |   0.0 | 13070
               +---------+---------+-------+---------+---------+-------+---------
           D:1 |       0 |      36 |   0.0 |       0 |      21 |   0.0 |   674
           D:2 |       0 |     247 |   0.0 |       0 |       9 |   0.0 |   661
           D:3 |       0 |     167 |   0.0 |       0 |      10 |   0.0 |  1317
           D:4 |       0 |     336 |   0.0 |       0 |      15 |   0.0 |  1347
           D:5 |       0 |    1108 |   0.0 |       0 |      10 |   0.0 |   780
           D:6 |       0 |     513 |   0.0 |       0 |      24 |   0.0 |  1013
           D:7 |       0 |     721 |   0.0 |       0 |      27 |   0.0 |   938
           D:8 |       0 |    6131 |   0.0 |       0 |      84 |   0.0 |  2827
           D:9 |       0 |    2485 |   0.0 |       0 |      20 |   0.0 |  1074
          D:10 |       0 |    2608 |   0.0 |       0 |      23 |   0.0 |   645
          D:11 |       0 |    2427 |   0.0 |       0 |       7 |   0.0 |   606
       Ossuary |       0 |     232 |   0.0 |       0 |      19 |   0.0 |  1099
               +---------+---------+-------+---------+---------+-------+---------
